 Dungeon Sprint DCSS version 0.19.1 (webtiles) character file.

429 dvd the Protected (level 6, -3/66 HPs)
             Began as a Minotaur Fighter on Dec 21, 2016.
             Slain by Sonja
             ... wielding a +2 short sword of distortion
              (4 damage)
             ... in the Dungeon (Sprint I: "Red Sonja").
             The game lasted 00:02:35 (666 turns).

dvd the Protected (Minotaur Fighter)                 Turns: 666, Time: 00:02:37

Health: -3/66      AC:  8    Str: 21    XL:     6   Next: 66%
Magic:  5/5        EV: 10    Int:  5    God:
Gold:   318        SH: 11    Dex: 11    Spells: 0 memorised, 5 levels left

rFire  . . .     SeeInvis .     a - +0 war axe
rCold  . . .     Gourm    .     b - +0 scale mail
rNeg   . . .     Faith    .     c - +0 shield
rPois  .         Spirit   .     (helmet restricted)
rElec  .         Reflect  .     (no cloak)
rCorr  .         Harm     .     (no gloves)
MR     .....     NoTele   +     (no boots)
Stlth  ..........               (no amulet)
                                (no ring)
                                (no ring)

@: lethally poisoned (-3 -> -8), slowed, very slow
A: retaliatory headbutt, horns 2
a: no special abilities


You were in the Dungeon.
You were not hungry.

You visited 1 branch You collected 318 gold pieces.

Inventory:

Hand Weapons
 a - a +0 war axe (weapon)
Armour
 b - a +0 scale mail (worn)
 c - a +0 shield (worn)
Wands
 e - a wand of polymorph (11/24)
Scrolls
 k - a scroll of blinking
Potions
 d - a potion of might
 g - a potion of flight {unknown}
 h - a potion of haste
 i - 2 potions of magic
Comestibles
 f - 2 bread rations
 j - 6 chunks of flesh


   Skills:
 + Level 9.9 Fighting
 + Level 5.8 Axes
 + Level 10.2 Armour
 + Level 2.4 Dodging
 + Level 0.5 Stealth
 + Level 9.4 Shields
 + Level 1.6 Unarmed Combat


You had 5 spell levels left.
You didn't know any spells.

Dungeon Overview and Level Annotations

Branches:
Dungeon (1/1)

Altars:
Cheibriados
Dithmenos
Elyvilon
Fedhas
Gozag
Hepliaklqana
Kikubaaqudgha
Nemelex Xobeh
Okawaru
Qazlal
Ru
Sif Muna
Trog
Uskayaw
Vehumet
Yredelemnul
Zin
The Shining One

Shops:
D *

Annotations:
D Sonja


Innate Abilities, Weirdness & Mutations

You reflexively headbutt those who attack you in melee.
You have a pair of horns on your head.


Message History

Sonja wields an uncursed short sword of distortion.
Its appearance distorts for a moment.
Sonja barely misses you. You furiously retaliate!
You headbutt Sonja, but do no damage. Sonja hits you but does no damage.
You feel a strange sense of stasis. Sonja hits you but does no damage.
Space warps horribly around you! Sonja barely misses you.
You block Sonja's attack. Sonja hits you but does no damage.
Space bends around you.
You barely miss Sonja.
You feel sick. You block Sonja's attack.
Sonja hits you with an uncursed short sword of distortion.
You block Sonja's attack.
Sonja hits you with an uncursed short sword of distortion!
Space warps horribly around you!
* * * LOW HITPOINT WARNING * * *
Sonja hits you but does no damage. Sonja closely misses you.
You block Sonja's attack. Sonja hits you but does no damage.
You feel a strange sense of stasis.
Sonja hits you with an uncursed short sword of distortion.
* * * LOW HITPOINT WARNING * * *
Space bends around you.
You die...

#..').#.)'..#..+
#..#####'#####'#
#..####..#...#.#
#..#__####..##.#
#..#_____##'#..+
#⌠⌠#_.∩...'..._#
####_..__##_(#'#
#_____###(#.#
####### #@###


+$K$+ #$.$# ##.## #+# You could see Sonja.

Vanquished Creatures
  Sigmund (D)
  A yak (D)
  An ogre (D)
  A jelly (D)
  Ijyb (D)
5 creatures vanquished.

Notes
Turn   | Place    | Note
-------+----------+-------------------------------------------
     0 | D        | dvd the Minotaur Fighter began the quest for the Orb.
     0 | D        | Reached XP level 1. HP: 19/19 MP: 0/0
     2 | D        | Noticed Ijyb
     9 | D        | Killed Ijyb
     9 | D        | Reached skill level 5 in Fighting
     9 | D        | Reached skill level 5 in Armour
     9 | D        | Reached skill level 5 in Shields
     9 | D        | Reached XP level 2. HP: 19/29 MP: 1/1
    85 | D        | Noticed an ogre
    88 | D        | Killed an ogre
    88 | D        | Reached skill level 7 in Armour
    88 | D        | Reached XP level 3. HP: 38/38 MP: 2/2
    88 | D        | Reached XP level 4. HP: 45/45 MP: 3/3
   119 | D        | Noticed Sigmund
   190 | D        | Killed Sigmund
   190 | D        | Reached skill level 8 in Armour
   190 | D        | Reached skill level 1 in Dodging
   190 | D        | Reached skill level 1 in Unarmed Combat
   190 | D        | Reached XP level 5. HP: 5/57 MP: 4/4
   482 | D        | Found a deep blue altar of Sif Muna.
   484 | D        | Found a radiant altar of Vehumet.
   488 | D        | Reached skill level 9 in Armour
   488 | D        | Reached XP level 6. HP: 55/63 MP: 5/5
   521 | D        | Found Mowkar's Assorted Antiques.
   521 | D        | Found an ancient bone altar of Kikubaaqudgha.
   521 | D        | Found a hazy altar of Hepliaklqana.
   521 | D        | Found a hide-covered altar of Uskayaw.
   521 | D        | Found a basalt altar of Yredelemnul.
   521 | D        | Found an opulent altar of Gozag.
   521 | D        | Found a snail-covered altar of Cheibriados.
   521 | D        | Found a sacrificial altar of Ru.
   521 | D        | Found a shadowy altar of Dithmenos.
   521 | D        | Noticed a yak
   528 | D        | Killed a yak
   528 | D        | Reached skill level 5 in Axes
   528 | D        | Reached skill level 10 in Armour
   529 | D        | Found a stormy altar of Qazlal.
   529 | D        | Found a blossoming altar of Fedhas.
   529 | D        | Found a bloodstained altar of Trog.
   529 | D        | Found an iron altar of Okawaru.
   529 | D        | Found a glowing golden altar of the Shining One.
   529 | D        | Found a glowing silver altar of Zin.
   529 | D        | Found a white marble altar of Elyvilon.
   532 | D        | Found a sparkling altar of Nemelex Xobeh.
   663 | D        | Noticed Sonja
   666 | D        | HP: 1/66 [Sonja/uncursed short sword of distortion (4)]
   666 | D        | Slain by Sonja

Skill      XL: |  1  2  3  4  5  6 |
---------------+-------------------+-----
Fighting       | 5 6 9 |  9.9
Armour         | 5 7 8 9 10 | 10.2
Shields        | 5 7 8 9 |  9.4
Axes           | 3 4 5 |  5.8
Dodging        | 1 2 |  2.4
Unarmed Combat | 1 |  1.6
Stealth        | |  0.5

Action                   |  1- 3 |  4- 6 || total
-------------------------+-------+-------++-------
Melee: War axe           |    10 |    12 ||    22
       Headbutt          |     2 |     3 ||     5
       Unarmed           |       |    15 ||    15
  Use: Potion            |     2 |     1 ||     3
Armor: Scale mail        |     3 |     5 ||     8
Dodge: Dodged            |     1 |    11 ||    12
Block: Shield            |     3 |    10 ||    13
